 Dungeon Crawl Stone Soup version 0.30.0-15-g856e2d3f33 (webtiles) character file.

Game seed: 14991787531731757417

3531 zazu2006 the Thrower (level 10, -5/74 HPs)
             Began as a Gnoll Wanderer on May 20, 2023.
             Was a Believer of Vehumet.
             Shot with a sling bullet by Joseph (13 damage)
             ... on level 8 of the Dungeon.
             The game lasted 00:29:37 (8896 turns).

zazu2006 the Thrower (Gnoll Wanderer)               Turns: 8896, Time: 00:29:38

Health: -5/74      AC:  5    Str: 11 (14) XL:     10   Next: 8%
Magic:  18/18      EV: 13    Int: 10 (13) God:    Vehumet [**....]
Gold:   415        SH:  0    Dex: 11 (12) Spells: 15/20 levels left

rFire   . . .        a - +0 dagger
rCold   . . .        (no shield)
rNeg    . . .        c - +2 leather armour
rPois   +            L - +0 hat
rElec   +            (no cloak)
rCorr   .            (no gloves)
SInv    .            (no boots)
Will    .....        (no amulet)
Stlth   +++          O - ring "Dyrigaf" {Wiz Fly rElec Slay+2}
HPRegen 0.32/turn    B - ring of Geij {+Blink rPois}
MPRegen 0.16/turn

%: wizardry (x1)
@: mighty, attractive, flying, invisible
A: fangs 1, strong nose, distributed training, MP-powered wands
a: Renounce Religion, Evoke Blink


You were on level 8 of the Dungeon.
You worshipped Vehumet.
Vehumet was pleased with you.
You visited 2 branches of the dungeon, and saw 9 of its levels.
You also visited: Ossuary.

You collected 415 gold pieces.

Inventory:

Hand Weapons
 a - a +0 dagger (weapon)
 G - a +0 long sword
Missiles
 j - an atropa-tipped dart
 u - 7 poisoned darts (quivered)
 w - 5 javelins
 I - 4 throwing nets
 K - 14 stones
Armour
 c - a +2 leather armour (worn)
 s - a +0 robe of resistance
 L - a +0 hat (worn)
Jewellery
 A - a +4 ring of protection
 B - the ring of Geij (right hand) {+Blink rPois}
   (You found it on level 5 of the Dungeon)

   [ring of poison resistance]

   rPois:     It protects you from poison.
   +Blink:    It lets you blink.
 F - a ring of protection from cold
 H - a ring of magical power
 J - the ring "Xoelaff" {rF+ rN+ Will++ rCorr Str-2}
   (You found it on level 7 of the Dungeon)

   [ring of positive energy]

   Str:       It affects your strength (-2).
   rF:        It protects you from fire.
   rN:        It protects you from negative energy.
   rCorr:     It protects you from acid and corrosion.
   Will:      It greatly increases your willpower.
 O - the ring "Dyrigaf" (left hand) {Wiz Fly rElec Slay+2}
   (You took it off an orc wizard on level 8 of the Dungeon)

   [ring of wizardry]

   It improves your spell success rate.
   Slay:      It affects your accuracy & damage with ranged weapons and melee
   (+2).
   rElec:     It insulates you from electricity.
   Fly:       It grants you flight.
Wands
 v - a wand of roots (10)
 D - a wand of polymorph (10)
Scrolls
 b - a scroll of noise {unknown}
 d - 2 scrolls of silence
 e - a scroll of blinking {unknown}
 g - 2 scrolls of fog {unknown}
 h - 5 scrolls of identify {unknown}
 i - 3 scrolls of fear {unknown}
 l - 4 scrolls of teleportation {unknown}
 n - 2 scrolls of enchant armour {unknown}
 t - a scroll of magic mapping {unknown}
 y - a scroll of amnesia {unknown}
 C - a scroll of torment {unknown}
 E - a scroll of immolation {unknown}
Potions
 f - a potion of attraction
 k - a potion of invisibility
 m - a potion of curing {unknown}
 o - a potion of might
 p - 2 potions of degeneration
 q - 2 potions of ambrosia
 r - 2 potions of mutation
 x - 2 potions of cancellation {unknown}
 z - 2 potions of magic {unknown}
 M - 2 potions of lignification {unknown}
 N - a potion of haste


   Skills:
 + Level 5.1 Fighting
 + Level 5.1 Short Blades
 + Level 5.1 Long Blades
 + Level 5.1 Axes
 + Level 5.1 Maces & Flails
 + Level 5.1 Polearms
 + Level 5.1 Staves
 + Level 5.1 Ranged Weapons
 + Level 8.4 Throwing
 + Level 5.8 Armour
 + Level 6.9 Dodging
 + Level 5.7 Stealth
 + Level 5.1 Shields
 + Level 5.1 Unarmed Combat
 + Level 5.9 Spellcasting
 + Level 4.2 Conjurations
 + Level 4.2 Hexes
 + Level 4.2 Summonings
 + Level 4.2 Necromancy
 + Level 5.7 Translocations
 + Level 4.2 Transmutations
 + Level 4.2 Fire Magic
 + Level 4.2 Ice Magic
 + Level 4.2 Air Magic
 + Level 4.2 Earth Magic
 + Level 4.2 Poison Magic
 + Level 5.6 Invocations
 + Level 5.1 Evocations


You had 15 spell levels left.
You knew the following spells:

 Your Spells              Type           Power      Damage    Failure   Level
a - Foxfire               Conj/Fire      44%        2x1d6     1%          1
b - Mephitic Cloud        Conj/Pois/Air  11%        N/A       6%          3
c - Apportation           Tloc           28%        N/A       1%          1

Your spell library contained the following spells:

 Spells                   Type           Power      Damage    Failure   Level
 Slow                     Hex            44%        N/A       1%          1
 Teleport Other           Tloc           14%        N/A       3%          3
 Confusing Touch          Hex            11%        N/A       6%          3
 Vampiric Draining        Necr           11%        2d6       6%          3
 Manifold Assault         Tloc           14%        N/A       10%         4
 Summon Ice Beast         Ice/Summ       11%        N/A       19%         4
 Summon Forest            Summ/Tloc      6%         N/A       34%         5
 Summon Mana Viper        Hex/Summ       11%        N/A       45%         5
 Dispersal                Tloc           7%         N/A       80%         6
 Eringya's Noxious Bog    Tmut/Pois      5%         N/A       94%         6
 Monstrous Menagerie      Summ           5%         N/A       100%        7
 Summon Hydra             Summ           5%         N/A       100%        7
 Disjunction              Tloc           7%         N/A       100%        8


Dungeon Overview and Level Annotations

Branches:
Dungeon (8/15)             Temple (1/1) D:4         Ossuary (visited)
   Lair: D:8-11

Altars:
Dithmenos
Elyvilon
Gozag
Hepliaklqana
Kikubaaqudgha
Ru
Sif Muna
Trog
Uskayaw
Vehumet
Wu Jian
Zin

Shops:
D:1 *

Annotations:
D:6 3 runed translucent doors, BubbleThief's ghost, novice FoFi
D:8 Erica; Joseph


Innate Abilities, Weirdness & Mutations

You have very sharp teeth.
Your uncanny sense of smell can sniff out nearby items.
Your experience applies equally to all skills.
You expend magic power (3 MP) to strengthen your wands.


Message History

You are confused.
Joseph shoots a sling bullet.
The sling bullet hits you! The sling bullet freezes you.
There is a stone staircase leading up, spattered with blood here.
Unknown command.
It was a potion of mutation.
You feel extremely strange.
You feel your magical essence link to the dungeon's wands.
Joseph shoots a sling bullet.
The sling bullet misses you.
Okay, then.
It was a potion of degeneration.
There was something very wrong with that liquid.
You feel weakened.
You feel dopey.
You feel clumsy.
Erica points at you and mumbles some strange words.
The lance of force hits you!!
You are knocked back by the lance of force.
Joseph shoots a sling bullet.
The sling bullet hits you!
* * * LOW HITPOINT WARNING * * *
The sling bullet freezes you.
* * * LOW HITPOINT WARNING * * *
You can't go up here!
It was a potion of attraction.
You feel attractive to monsters.
Erica gestures wildly while chanting.
Erica flickers and vanishes!
Deactivating autopickup; reactivate with Ctrl-A.
Joseph shoots a sling bullet.
The sling bullet hits you.
* * * LOW HITPOINT WARNING * * *
The sling bullet freezes you.
* * * LOW HITPOINT WARNING * * *
Something is attracted toward you. Joseph is attracted toward you.
It was a potion of invisibility.
You fade into invisibility!
Joseph shoots a sling bullet.
The sling bullet hits you.
* * * LOW HITPOINT WARNING * * *
The sling bullet freezes you.
* * * LOW HITPOINT WARNING * * *
It was a potion of might.
You feel very mighty all of a sudden.
You feel less confused.
Joseph shoots a sling bullet.
The sling bullet hits you!
You die...

..........####.........# #
..........# ##..........
##........###...........
#..........##.§§........
##.........##........##.
#... ##.#......####........
.... ####.....#.#.<@...##..
...... ##..............#..
.......
##........@.....##.........
#.....#..........#.........
#..#.###.......#...........
#..#.#####....###.....##...
##.....####...##.##.........
#............##...##.....#..
###.........##.....##....#..
###.....†.#####'#####...#..
#.....#..............).....


You could see Joseph (unable to see you).

Vanquished Creatures
  Grinder (D:3)
  4 yaks (D:7)
  An acid dragon (D:7)
  3 black bears
  An ice beast (D:5)
  A sky beast (D:6)
  2 ogres
  A phantom (D:6)
  A kobold brigand (D:7)
  4 bullfrogs
  A scorpion (D:6)
  5 water moccasin zombies (Ossuary)
  4 killer bees (D:7)
  2 howler monkeys
  A jelly (D:5)
  4 hounds
  6 orc priests
  2 gnoll boudas
  Jessica (D:3)
  3 iguanas
  3 orc wizards (D:8)
  Ijyb (D:3)
  3 mummies
  Robin (D:3)
  23 gnolls
  6 adders
  A white imp (D:8)
  An ufetubus (D:5)
  7 adder zombies (Ossuary)
  A worm (D:2)
  2 dart slugs
  15 orcs
  6 endoplasms
  A giant cockroach (D:4)
  A gnoll zombie (Ossuary)
  6 hobgoblins
  13 kobolds
  2 quokkas
  2 ball pythons
  2 bats (D:2)
  3 frilled lizards
  16 goblins
  4 hobgoblin zombies (Ossuary)
  3 kobold zombies (Ossuary)
  5 orc zombies (Ossuary)
  5 rats
  A foxfire (D:7)
182 creatures vanquished.

Vanquished Creatures (others)
  276 foxfires
276 creatures vanquished.

Grand Total: 458 creatures vanquished

Notes
Turn   | Place    | Note
-------+----------+-------------------------------------------
     0 | D:1      | zazu2006 the Gnoll Wanderer began the quest for the Orb.
     0 | D:1      | zazu2006 set off with the following items: a +0 dagger, 7
                  | boomerangs, a +2 leather armour, a scroll of silence; and
                  | the following spell memorised: Apportation; and the
                  | following spells available to memorise: Teleport Other.
     0 | D:1      | Reached XP level 1. HP: 13/13 MP: 4/4
    88 | D:1      | Reached XP level 2. HP: 19/19 MP: 5/5
    99 | D:1      | Found a faded altar of an unknown god.
   117 | D:1      | Found Jykh's Assorted Antiques.
   438 | D:2      | Reached XP level 3. HP: 25/25 MP: 7/7
   474 | D:2      | Reached skill level 1 in Invocations
   483 | D:2      | Reached skill level 1 in Fighting
   483 | D:2      | Reached skill level 1 in Short Blades
   483 | D:2      | Reached skill level 1 in Long Blades
   483 | D:2      | Reached skill level 1 in Axes
   483 | D:2      | Reached skill level 1 in Maces & Flails
   483 | D:2      | Reached skill level 1 in Polearms
   483 | D:2      | Reached skill level 1 in Staves
   483 | D:2      | Reached skill level 1 in Ranged Weapons
   483 | D:2      | Reached skill level 1 in Shields
   483 | D:2      | Reached skill level 1 in Unarmed Combat
   483 | D:2      | Reached skill level 1 in Evocations
   572 | D:2      | Reached XP level 4. HP: 32/32 MP: 8/8
   619 | D:2      | Reached skill level 1 in Conjurations
   619 | D:2      | Reached skill level 1 in Hexes
   619 | D:2      | Reached skill level 1 in Summonings
   619 | D:2      | Reached skill level 1 in Necromancy
   619 | D:2      | Reached skill level 1 in Transmutations
   619 | D:2      | Reached skill level 1 in Fire Magic
   619 | D:2      | Reached skill level 1 in Ice Magic
   619 | D:2      | Reached skill level 1 in Air Magic
   619 | D:2      | Reached skill level 1 in Earth Magic
   619 | D:2      | Reached skill level 1 in Poison Magic
   919 | D:2      | Reached XP level 5. HP: 35/37 MP: 9/9
  1174 | D:3      | Noticed Grinder
  1176 | D:3      | Paralysed by Grinder for 5 turns
  1194 | D:3      | Paralysed by Grinder for 2 turns
  1198 | D:3      | Paralysed by Grinder for 3 turns
  1211 | D:3      | Killed Grinder
  1212 | D:3      | Reached skill level 5 in Dodging
  1212 | D:3      | Reached XP level 6. HP: 24/44 MP: 9/11
  1368 | D:3      | Noticed Jessica
  1376 | D:3      | Killed Jessica
  1552 | D:3      | Noticed Robin
  1581 | D:3      | Killed Robin
  1769 | D:3      | Noticed Ijyb
  1775 | D:3      | Killed Ijyb
  1776 | D:3      | Reached skill level 7 in Throwing
  1776 | D:3      | Reached XP level 7. HP: 45/50 MP: 12/12
  2673 | D:4      | Found a staircase to the Ecumenical Temple.
  2682 | Temple   | Entered the Ecumenical Temple
  2760 | Temple   | Became a worshipper of Vehumet
  2925 | D:4      | Identified the +1 dagger of the Mosquito {venom, Str+3}
  3101 | D:5      | Entered Level 5 of the Dungeon
  3748 | D:5      | Reached XP level 8. HP: 58/58 MP: 14/14
  4064 | D:5      | Identified the ring of Geij {+Blink rPois}
  4522 | D:6      | Found a runed translucent gate.
  4523 | D:6      | Found a runed translucent gate.
  4525 | D:6      | Found an opulent altar of Gozag.
  4526 | D:6      | Found a runed translucent gate.
  4526 | D:6      | Noticed a cyclops
  4529 | D:6      | Noticed BubbleThief's ghost (novice FoFi)
  4924 | D:6      | Reached * piety under Vehumet
  4924 | D:6      | Offered knowledge of Foxfire by Vehumet.
  4941 | D:6      | Learned a level 1 spell: Foxfire
  5386 | D:7      | Reached skill level 5 in Translocations
  5586 | D:7      | Reached XP level 9. HP: 59/65 MP: 16/16
  5632 | D:7      | Reached skill level 5 in Spellcasting
  5719 | D:7      | Identified the ring "Xoelaff" {rF+ rN+ Will++ rCorr Str-2}
  6117 | D:7      | Reached skill level 5 in Armour
  6348 | D:7      | Reached skill level 8 in Throwing
  6348 | D:7      | Reached skill level 5 in Stealth
  6452 | D:7      | Reached skill level 5 in Invocations
  6729 | D:7      | Reached ** piety under Vehumet
  6729 | D:7      | Offered knowledge of Scorch by Vehumet.
  7333 | D:8      | Found a sand-covered staircase.
  7348 | Ossuary  | Entered an ossuary
  7930 | Ossuary  | Offered knowledge of Mephitic Cloud by Vehumet.
  7939 | Ossuary  | Learned a level 3 spell: Mephitic Cloud
  8015 | D:8      | Identified the ring "Dyrigaf" {Wiz Fly rElec Slay+2}
  8321 | D:7      | Reached skill level 5 in Fighting
  8321 | D:7      | Reached skill level 5 in Short Blades
  8321 | D:7      | Reached skill level 5 in Long Blades
  8321 | D:7      | Reached skill level 5 in Axes
  8321 | D:7      | Reached skill level 5 in Maces & Flails
  8321 | D:7      | Reached skill level 5 in Polearms
  8321 | D:7      | Reached skill level 5 in Staves
  8321 | D:7      | Reached skill level 5 in Ranged Weapons
  8321 | D:7      | Reached skill level 5 in Shields
  8321 | D:7      | Reached skill level 5 in Unarmed Combat
  8321 | D:7      | Reached skill level 5 in Evocations
  8321 | D:7      | Reached XP level 10. HP: 46/74 MP: 13/18
  8517 | D:8      | Noticed Erica
  8538 | D:8      | Noticed Joseph
  8892 | D:8      | Gained mutation: You expend magic power (3 MP) to
                  | strengthen your wands. [potion of mutation]
  8896 | D:8      | Shot with a sling bullet by Joseph

Illustrated notes

Levels and vault maps discovered:
D:1:      erik_arrival_blinker_ship, layout_basic, basic_ecumenical_altar,
          serial_shops, shop
D:2:      layout_basic
D:3:      layout_loops_ring, uniq_robin, uniq_ijyb, uniq_jessica, uniq_grinder
D:4:      layout_loops_corners, minmay_temple_entry_fiery
D:5:      layout_basic, grunt_ministairs_11, nicolae_eternal_life
D:6:      layout_gridville, ebering_ghost_gozag
D:7:      nicolae_cairo_tiling_large_dashed, layout_basic, bh_walls_and_bars
D:8:      layout_cave_pools, gup_ossuary_entry_pyramid, uniq_erica, uniq_joseph,
          uniq_grum
Temple:   minmay_crystal_snake_temple

Skill      XL: |  1  2  3  4  5  6  7  8  9 |
---------------+----------------------------+-----
Invocations    | 1 2 3 4 5 |  5.6
Fighting       | 1 2 3 5 |  5.1
Short Blades   | 1 2 3 5 |  5.1
Long Blades    | 1 2 3 5 |  5.1
Axes           | 1 2 3 5 |  5.1
Maces & Flails | 1 2 3 5 |  5.1
Polearms       | 1 2 3 5 |  5.1
Staves         | 1 2 3 5 |  5.1
Ranged Weapons | 1 2 3 5 |  5.1
Shields        | 1 2 3 5 |  5.1
Unarmed Combat | 1 2 3 5 |  5.1
Evocations     | 1 2 3 5 |  5.1
Spellcasting   | 3 4 5 |  5.9
Conjurations   | 1 2 3 4 |  4.2
Hexes          | 1 2 3 4 |  4.2
Summonings     | 1 2 3 4 |  4.2
Necromancy     | 1 2 3 4 |  4.2
Transmutations | 1 2 3 4 |  4.2
Fire Magic     | 1 2 3 4 |  4.2
Ice Magic      | 1 2 3 4 |  4.2
Air Magic      | 1 2 3 4 |  4.2
Earth Magic    | 1 2 3 4 |  4.2
Poison Magic   | 1 2 3 4 |  4.2
Armour         | 3 4 5 |  5.8
Translocations | 4 5 |  5.7
Dodging        | 5 6 |  6.9
Stealth        | 3 4 5 |  5.7
Throwing       | 7 8 |  8.4

Action                     |  1- 3 |  4- 6 |  7- 9 | 10-12 || total
---------------------------+-------+-------+-------+-------++-------
  Melee: Dagger            |       |    59 |   333 |     1 ||   393
         Bite              |       |     8 |    29 |       ||    37
         Punch             |       |     1 |    11 |       ||    12
  Throw: Boomerang         |    48 |   108 |    74 |       ||   230
         Dart              |       |     3 |    92 |     5 ||   100
         Javelin           |       |       |    19 |     1 ||    20
   Cast: Foxfire           |       |       |   154 |     4 ||   158
         Apportation       |       |       |     1 |       ||     1
         Mephitic Cloud    |       |       |     2 |     1 ||     3
  Evoke: Wand              |       |       |       |     1 ||     1
    Use: Potion            |       |     1 |       |     5 ||     6
   Stab: Sleeping          |       |       |     1 |       ||     1
         Invisible         |       |       |     1 |       ||     1
 Armour: Leather armour    |       |    20 |   160 |     2 ||   182
  Dodge: Dodged            |     2 |    44 |   332 |    10 ||   388
